 Dungeon Crawl Stone Soup version 0.18.1-47-g9310371 (webtiles) character file.

19331 Gargoyl the Protected (level 12, -1/104 HPs)
             Began as a Demonspawn Abyssal Knight on June 23, 2016.
             Was a High Priest of Lugonu.
             Slain by a sixfirhy (7 damage)
             ... summoned by an orc sorcerer
             ... on level 2 of the Orcish Mines.
             The game lasted 00:37:57 (15543 turns).

Gargoyl the Protected (Demonspawn Abyssal Knight)  Turns: 15543, Time: 00:37:58

Health: -1/104     AC: 18    Str: 23    XL:     12   Next: 35%
Magic:  12/16      EV: 10    Int: 12    God:    Lugonu [*****.]
Gold:   1048       SH:  9    Dex: 10    Spells: 0 memorised, 11 levels left

rFire  . . .     SeeInvis +     z - +7 war axe (venom)
rCold  . . .     Gourm    .     t - +0 plate armour (curse)
rNeg   . . .     Faith    .     j - +0 shield
rPois  .         Spirit   .     (helmet unavailable)
rElec  .         Dismiss  .     h - +1 cloak
rCorr  .         Reflect  .     (no gloves)
SustAt .         Harm     .     s - +0 pair of boots
MR     +....     Rnd*Rage +     (no amulet)
Stlth  ..........               i - +5 ring of strength
                                a - ring of protection from magic

@: repel missiles, heavily drained, somewhat resistant to hostile enchantments,
extremely unstealthy
A: antennae 3, talons 2, repulsion field 3, berserk 1, clumsy 1, dopey 1,
powered by death 2, robust 1, screaming 1, wild magic 1, rot immunity
a: Depart the Abyss, Bend Space, Banish, Corrupt, Enter the Abyss, Renounce
Religion


You were on level 2 of the Orcish Mines.
You worshipped Lugonu.
Lugonu was extremely pleased with you.
You were hungry.

You visited 2 branches of the dungeon, and saw 13 of its levels.
You visited the Abyss 1 time.

You collected 1379 gold pieces.
You spent 331 gold pieces at shops.

Inventory:

Hand Weapons
 e - a +2 hand axe of flaming
 m - a +0 spear of flaming
 p - a +1 war axe
 z - a +7 war axe of venom (weapon)
Armour
 h - a +1 cloak (worn)
 j - a +0 shield (worn)
 s - a +0 pair of boots (worn)
 t - a cursed +0 plate armour (worn)
Jewellery
 a - a ring of protection from magic (left hand)
 b - an uncursed ring of protection from fire
 i - a +5 ring of strength (right hand)
 u - a +4 ring of protection
 B - an uncursed ring of ice
Wands
 n - a wand of heal wounds (2/9)
 q - a wand of iceblast (6/15)
 r - a wand of slowing (36/48)
Potions
 d - 2 potions of agility {unknown}
 k - a potion of invisibility {unknown}
 l - a potion of cancellation
 o - 2 potions of flight
 w - a potion of berserk rage {unknown}
 A - a potion of curing
Books
 g - a book of Clouds

   Spells                             Type                      Level
   a - Mephitic Cloud                 Conjuration/Poison/Air       3
   b - Conjure Flame                  Conjuration/Fire             3
   c - Poisonous Cloud                Conjuration/Poison/Air       6
   d - Freezing Cloud                 Conjuration/Ice/Air          6
   e - Ring of Flames                 Charms/Fire                  7
Comestibles
 c - 10 bread rations
 f - 4 beef jerkies
 v - 6 slices of pizza
 x - a meat ration
 C - 2 chunks of flesh


   Skills:
 + Level 9.2(7.8) Fighting
 + Level 9.7(8.3) Axes
 * Level 12.1(10.7) Armour
 + Level 4.4(3.2) Dodging
 + Level 1.8(0.6) Stealth
 + Level 4.0(2.8) Shields
 + Level 6.2(4.9) Invocations


You had 11 spell levels left.
You didn't know any spells.

Dungeon Overview and Level Annotations

Branches:
Dungeon (11/15)            Temple (0/1) D:7            Lair (0/8) D:11
    Orc (2/2) D:11            Elf (0/3) Orc:2

Altars:
Ashenzari
Kikubaaqudgha
Okawaru
Pakellas
Ru
Sif Muna
Trog
Xom
The Shining One
Beogh

Shops:
D:9 :   Orc:2 *

Annotations:
D:6 1 exclusion
Orc:2 Maud
Abyss:1 Maurice, Sonja


Innate Abilities, Weirdness & Mutations

You have a pair of large antennae on your head (SInv).
You are surrounded by a strong repulsion field (EV +4, rMsl).
You regenerate health from kills.
You are immune to rotting.
You have razor-sharp toenails.
You tend to lose your temper in combat.
You are clumsy. (Dex -2)
You are dopey. (Int -2)
You are robust (+10% HP).
You occasionally shout uncontrollably at your foes.
Your spells are a little harder to cast, but a little more powerful.


Message History

Press: ? - help, Shift-Dir - straight line, f - orc sorcerer
Aim: an orc sorcerer, wielding a dagger of venom and wearing an embroidered robe (chance to defeat MR: 69%)
The orc sorcerer easily resists.
You are feeling hungry.
The sixfirhy closely misses you. The sixfirhy hits you.
* * * LOW HITPOINT WARNING * * *
The sixfirhy shocks you!
* * * LOW HITPOINT WARNING * * *
The orc high priest utters an invocation to Beogh.
You block the orc sorcerer's attack. The sixfirhy barely misses you.
The red devil hits you from afar with a trident!
* * * LOW HITPOINT WARNING * * *
Unknown command.
You hit the orc sorcerer.
The orc sorcerer is poisoned.
The orc sorcerer is lightly wounded.
You miss the sixfirhy. You closely miss the sixfirhy.
The sixfirhy barely misses you. The sixfirhy hits you.
* * * LOW HITPOINT WARNING * * *
The sixfirhy shocks you!
You die...

#.#..#..#.##...##........[...
#.#._#.....#####.........)<..
#.####.......................
##...........<..........รท.....
####.######.........)............
.##...####..........)............
..##..#.#.#.........).......#....
..##.............4..#............
................@o..............)
#...#####.....#.4...#....#####...
..###{{{###..#..4..#.#...#)..#.#.
.##


{{{{ ##....o........')_.#... .# {{{ #.........#...#)..#..) ## {{{
##.o..........#####... # { {{ { #.4#.....#........... # { o {
#......##.#......>... #{ #.o{#{ {#..........#......... You could see an orc high
priest, a rust devil, 2 sixfirhies, an orc sorcerer, a red devil and an orc.

Vanquished Creatures
  Gastronok (D:11)
  Fannar (D:11)
  2 orc high priests
  An unseen horror (D:10)
  2 hill giants
  Pikel (D:8)
  An orc knight (Orc:2)
  2 cyclopes
  2 orc sorcerers (Orc:2)
  An ugly thing (D:11)
  Joseph (D:10)
  3 trolls
  Grinder (D:3)
  Prince Ribbit (D:9)
  A vampire (D:11)
  The ghost of loom the Covered, an amateur MiFi (D:3)
  A human (D:9)
  2 hippogriffs (D:11)
  4 wargs
  A water moccasin (D:7)
  An ice beast (D:6)
  3 sky beasts
  21 orc warriors
  A wasp (D:10)
  2 phantoms
  2 slaves (D:9)
  An eye of draining (D:9)
  3 black bears
  6 ogres
  A necrophage (D:10)
  5 centaurs
  2 big kobolds
  A gnoll sergeant (D:11)
  5 giant frogs
  3 scorpions
  10 killer bees
  10 wights
  A howler monkey (D:9)
  3 giant frog zombies
  2 crimson imps (D:5)
  2 jellies
  4 centaur zombies
  21 orc wizards
  11 hounds
  A quasit (D:9)
  12 orc priests
  4 giant frog skeletons
  4 iguanas
  4 worker ants
  4 sheep (D:9)
  A hound zombie (D:7)
  A worker ant zombie (D:10)
  9 gnolls
  11 adders
  3 shadow imps
  2 oozes
  2 adder skeletons
  3 worms
  5 dart slugs
  4 giant geckos
  66 orcs
  2 ball pythons
  5 giant cockroaches
  3 goblins
  3 hobgoblins
  7 jackals
  15 kobolds
  4 quokkas
  11 bats
  A giant gecko zombie (D:8)
  2 giant newts (D:1)
  A quokka zombie (D:7)
  8 rats
349 creatures vanquished.

Vanquished Creatures (others)
  The ghost of schammes the Blocker, a journeyman DsFi of Qazlal (D:10)
  2 hungry ghosts (D:8)
  An orc warrior (D:11)
  2 crimson imps (D:9)
  A jelly (D:9)
  An orc priest (Orc:2)
  A hound zombie (D:9)
  14 starspawn tentacle segments (Abyss:2)
23 creatures vanquished.

Grand Total: 372 creatures vanquished

Notes
Turn   | Place    | Note
--------------------------------------------------------------
     0 | Abyss:1  | Gargoyl the Demonspawn Abyssal Knight began the quest for the Orb.
     0 | Abyss:1  | Reached XP level 1. HP: 18/18 MP: 2/2
    76 | Abyss:2  | Found a corrupted altar of Lugonu.
   102 | Abyss:2  | Noticed a large abomination
   112 | Abyss:2  | Noticed a tentacled starspawn
   115 | D:1      | Escaped the Abyss
   159 | D:1      | Reached * piety under Lugonu
   246 | D:1      | Reached skill level 2 in Armour
   415 | D:1      | Gained mutation: You are surrounded by a mild repulsion field (EV +2). [demonic ancestry]
   415 | D:1      | Reached XP level 2. HP: 24/24 MP: 3/3
   554 | D:1      | You fall through a shaft!
   609 | D:1      | Reached skill level 1 in Dodging
  1029 | D:2      | Gained mutation: You are weak. (Str -2) [potion of mutation]
  1029 | D:2      | Gained mutation: You tend to lose your temper in combat. [potion of mutation]
  1029 | D:2      | Gained mutation: You are surrounded by a moderate repulsion field (EV +3). [potion of mutation]
  1461 | D:2      | Gained mutation: You are immune to rotting. [demonic ancestry]
  1461 | D:2      | Reached XP level 3. HP: 29/29 MP: 4/4
  1887 | D:2      | Gained mutation: You have sharp toenails. [potion of mutation]
  1887 | D:2      | Gained mutation: You are dopey. (Int -2) [potion of mutation]
  1887 | D:2      | Gained mutation: Your spells are a little harder to cast, but a little more powerful. [potion of mutation]
  2006 | D:2      | Reached skill level 3 in Armour
  2320 | D:2      | Gained mutation: You regenerate a little health from kills. [demonic ancestry]
  2320 | D:2      | Reached XP level 4. HP: 35/35 MP: 5/5
  2338 | D:2      | Reached ** piety under Lugonu
  2884 | D:3      | Noticed loom's ghost (amateur MiFi)
  2902 | D:3      | Killed loom's ghost
  2902 | D:3      | Reached skill level 4 in Armour
  2902 | D:3      | Gained mutation: You have a pair of small antennae on your head. [demonic ancestry]
  2902 | D:3      | Reached XP level 5. HP: 33/42 MP: 6/6
  2972 | D:3      | Reached XP level 6. HP: 48/48 MP: 7/7
  3222 | D:3      | Reached *** piety under Lugonu
  3258 | D:3      | Noticed Grinder
  3261 | D:3      | Paralysed by Grinder for 2 turns
  3271 | D:3      | Paralysed by Grinder for 4 turns
  3287 | D:3      | Killed Grinder
  3287 | D:3      | Reached skill level 5 in Armour
  3547 | D:3      | Gained mutation: You have a pair of antennae on your head. [demonic ancestry]
  3547 | D:3      | Reached XP level 7. HP: 42/54 MP: 8/8
  4435 | D:4      | Gained mutation: You are clumsy. (Dex -2) [potion of mutation]
  4435 | D:4      | Lost mutation: You are weak. (Str -2) [potion of mutation]
  4436 | D:4      | Gained mutation: You have razor-sharp toenails. [potion of mutation]
  4436 | D:4      | Gained mutation: You are robust (+10% HP). [potion of mutation]
  4436 | D:4      | Gained mutation: You occasionally shout uncontrollably at your foes. [potion of mutation]
  4482 | D:4      | Found a bloodstained altar of Trog.
  4679 | D:4      | Found a glowing golden altar of the Shining One.
  4679 | D:4      | Found a sacrificial altar of Ru.
  4884 | D:5      | Entered Level 5 of the Dungeon
  4945 | D:5      | Reached skill level 6 in Armour
  5040 | D:5      | Found an iron altar of Okawaru.
  5204 | D:5      | Reached XP level 8. HP: 59/67 MP: 10/10
  5979 | D:6      | Found a shattered altar of Ashenzari.
  6442 | D:6      | Reached skill level 5 in Fighting
  6500 | D:6      | Reached skill level 7 in Armour
  6597 | D:6      | Found an oddly glowing altar of Pakellas.
  7022 | D:6      | Reached skill level 5 in Axes
  7315 | D:7      | Found a staircase to the Ecumenical Temple.
  7547 | D:7      | Reached skill level 1 in Stealth
  7620 | D:7      | Gained mutation: You have a pair of large antennae on your head (SInv). [demonic ancestry]
  7620 | D:7      | Reached XP level 9. HP: 61/74 MP: 11/11
  7736 | D:7      | Reached skill level 8 in Armour
  7887 | D:7      | Found a glowing golden altar of the Shining One.
  8271 | D:7      | Found a shimmering altar of Xom.
  8275 | D:7      | Reached **** piety under Lugonu
  8964 | D:8      | Found a deep blue altar of Sif Muna.
  8993 | D:9      | Noticed Prince Ribbit
  8994 | D:9      | Found Louteaf's Book Shop.
  9026 | D:9      | Killed Prince Ribbit
  9026 | D:9      | Reached skill level 9 in Armour
  9334 | D:9      | Noticed Pikel
  9716 | D:8      | Killed Pikel
  9716 | D:8      | Reached XP level 10. HP: 55/84 MP: 13/13
 10050 | D:9      | Reached skill level 5 in Invocations
 10263 | D:9      | Found an ancient bone altar of Kikubaaqudgha.
 10284 | D:10     | Entered Level 10 of the Dungeon
 10329 | D:10     | Noticed a hill giant
 10344 | D:10     | Killed a hill giant
 10359 | D:10     | Noticed schammes's ghost (journeyman DsFi)
 10388 | D:10     | Reached skill level 10 in Armour
 10399 | D:10     | Banished schammes's ghost
 10416 | D:10     | Noticed Maurice
 10435 | D:10     | Banished Maurice
 10439 | D:10     | Noticed a hill giant
 10665 | D:9      | Killed a hill giant
 11012 | D:10     | HP: 4/86 [orc warrior/hand axe (15)]
 11014 | D:10     | Noticed an unseen horror
 11409 | D:11     | Noticed a cyclops
 11438 | D:11     | Killed a cyclops
 11457 | D:11     | Gained mutation: You are surrounded by a strong repulsion field (EV +4, rMsl). [demonic ancestry]
 11457 | D:11     | Reached XP level 11. HP: 21/93 MP: 15/15
 12247 | D:10     | Noticed Joseph
 12267 | D:10     | Killed Joseph
 12708 | D:10     | Killed an unseen horror
 12708 | D:10     | Reached skill level 11 in Armour
 12959 | D:11     | Found a staircase to the Lair.
 12961 | D:11     | Noticed Fannar
 12980 | D:11     | Killed Fannar
 12980 | D:11     | Reached skill level 1 in Shields
 13033 | D:11     | Noticed a white ugly thing
 13047 | D:11     | Killed a white ugly thing
 13133 | D:11     | Noticed an orc high priest
 13144 | D:11     | Killed an orc high priest
 13145 | D:11     | Found a staircase to the Orcish Mines.
 13186 | D:11     | Found a roughly hewn altar of Beogh.
 13247 | D:11     | Noticed Sonja
 13252 | D:11     | Banished Sonja
 13830 | D:11     | Noticed Gastronok
 13867 | D:11     | Killed Gastronok
 14137 | Orc:1    | Entered Level 1 of the Orcish Mines
 14269 | Orc:1    | Reached ***** piety under Lugonu
 14270 | Orc:1    | Gained mutation: You regenerate health from kills. [demonic ancestry]
 14270 | Orc:1    | Reached XP level 12. HP: 88/103 MP: 16/16
 14577 | Orc:2    | Entered Level 2 of the Orcish Mines
 14673 | Orc:2    | Found a staircase to the Elven Halls.
 14712 | Orc:2    | Paralysed by an orc sorcerer for 6 turns
 14771 | Orc:2    | Found a roughly hewn altar of Beogh.
 14909 | Orc:2    | Found a roughly hewn altar of Beogh.
 15073 | Orc:2    | Found a roughly hewn altar of Beogh.
 15084 | Orc:2    | Reached skill level 12 in Armour
 15108 | Orc:2    | Found a roughly hewn altar of Beogh.
 15191 | Orc:2    | Found a roughly hewn altar of Beogh.
 15195 | Orc:2    | Noticed an orc high priest
 15210 | Orc:2    | Killed an orc high priest
 15215 | Orc:2    | Found Guurgh's General Store.
 15224 | Orc:2    | Bought 3 scrolls of enchant weapon for 292 gold pieces
 15224 | Orc:2    | Bought a scroll of teleportation for 39 gold pieces
 15303 | Orc:2    | Found a roughly hewn altar of Beogh.
 15504 | Orc:2    | Noticed Maud
 15520 | Orc:2    | Noticed an orc high priest
 15543 | Orc:2    | Slain by a sixfirhy

Skill      XL: |  1  2  3  4  5  6  7  8  9 10 11 12 |
---------------+-------------------------------------+-----
Armour         | 2 3 4 5 6 7 9 10 11 12 | 12.1
Axes           | 2 3 4 5 6 7 9 |  9.7
Dodging        | 1 2 3 4 |  4.4
Fighting       | 4 5 6 7 8 9 |  9.2
Invocations    | 3 4 5 6 |  6.2
Stealth        | 1 |  1.8
Shields        | 3 4 |  4.0

Action                   |  1- 3 |  4- 6 |  7- 9 | 10-12 || total
-------------------------+-------+-------+-------+-------++-------
Melee: Hand axe          |   135 |   138 |       |       ||   273
       Kick              |     2 |    51 |    39 |       ||    92
       War axe           |       |    26 |   639 |   665 ||  1330
Invok: Depart the Abyss  |     1 |       |       |       ||     1
       Banish            |       |       |     4 |     7 ||    11
  Use: Potion            |     6 |     2 |     8 |     2 ||    18
       Scroll            |       |     3 |    15 |    11 ||    29
  Eat: Chunk             |     4 |     6 |    28 |    21 ||    59
       Meat ration       |       |       |     1 |     1 ||     2
       Royal jelly       |       |       |       |     1 ||     1
       Fruit             |       |       |       |     1 ||     1
       Pizza             |       |       |       |     1 ||     1
Armor: Scale mail        |    19 |       |       |       ||    19
       Chain mail        |    64 |    78 |   252 |       ||   394
       Skin              |       |       |     2 |       ||     2
       Plate armour      |       |       |   267 |   443 ||   710
Dodge: Dodged            |    62 |    63 |   494 |   406 ||  1025
       Deflected         |       |       |       |     8 ||     8
Block: Shield            |       |       |       |   198 ||   198
